 Dungeon Crawl Stone Soup version 0.27-a0-1137-g3ef0f4ec91 (webtiles) character file.

Game seed: 3787608088153108607

119 leviel the Shield-Bearer (level 4, -1/40 HPs)
             Began as a Minotaur Fighter on May 7, 2021.
             Slain by an iguana (10 damage)
             ... on level 3 of the Dungeon.
             The game lasted 00:02:45 (2093 turns).

leviel the Shield-Bearer (Minotaur Fighter)         Turns: 2093, Time: 00:02:46

Health: -1/40      AC:  7    Str: 21    XL:     4   Next: 74%
Magic:  3/3        EV:  7    Int:  6    God:
Gold:   89         SH:  9    Dex:  9    Spells: 3/3 levels left

rFire    . . .     SeeInvis .   a - +0 war axe
rCold    . . .     Faith    .   c - +0 kite shield
rNeg     . . .     Spirit   .   b - +0 scale mail
rPois    .         Reflect  .   (helmet restricted)
rElec    .         Harm     .   (no cloak)
rCorr    .         Rampage  .   (no gloves)
Will     .....                  (no boots)
Stlth    ..........             (no amulet)
HPRegen  0.13/turn              (no ring)
MPRegen  0.08/turn              (no ring)

@: no status effects
A: horns 2, retaliatory headbutt
a: no special abilities


You were on level 3 of the Dungeon.
You visited 1 branch of the dungeon, and saw 3 of its levels.

You collected 89 gold pieces.

Inventory:

Hand Weapons
 a - a +0 war axe (weapon)
Armour
 b - a +0 scale mail (worn)
 c - a +0 kite shield (worn)
Jewellery
 i - an amulet of guardian spirit
Scrolls
 g - 2 scrolls of vulnerability {unknown}
 h - 6 scrolls of teleportation {unknown}
 j - 2 scrolls of identify {unknown}
 k - a scroll of brand weapon {unknown}
 l - a scroll of fog {unknown}
Potions
 d - a potion of might
 e - 2 potions of flight {unknown}
 f - a potion of curing {unknown}


   Skills:
 + Level 4.0 Fighting
 + Level 4.2 Axes
 + Level 4.4 Armour
 + Level 0.8 Dodging
 + Level 4.5 Shields


You had 3 spell levels left.
You didn't know any spells.
Your spell library contained the following spells:

 Spells                   Type           Power      Damage    Failure   Level
 Corona                   Hex            0%         N/A       99%         1
 Ensorcelled Hibernation  Hex/Ice        0%         N/A       100%        2
 Confusing Touch          Hex            0%         N/A       100%        3
 Dazzling Flash           Conj/Hex       0%         N/A       100%        3
 Tukima's Dance           Hex            0%         N/A       100%        3


Dungeon Overview and Level Annotations

Branches:
Dungeon (3/15)

Altars:
Ashenzari


Innate Abilities, Weirdness & Mutations

You have a pair of horns on your head.
You reflexively headbutt those who attack you in melee.


Message History

The iguana bites you! The iguana bites you.
You are too injured to fight recklessly!
You are too injured to fight recklessly!
You are too injured to fight recklessly!
You are too injured to fight recklessly!
You are too injured to fight recklessly!
You are too injured to fight recklessly!
You are too injured to fight recklessly!
You are too injured to fight recklessly!
You are too injured to fight recklessly!
You are too injured to fight recklessly!
You are too injured to fight recklessly!
You are too injured to fight recklessly!
You are too injured to fight recklessly!
You are too injured to fight recklessly!
You are too injured to fight recklessly!
You are too injured to fight recklessly!
You are too injured to fight recklessly!
You are too injured to fight recklessly!
You are too injured to fight recklessly!
You are too injured to fight recklessly!
Unknown command.
You are too injured to fight recklessly!
You completely miss the iguana.
The iguana is almost dead.
The iguana bites you!
* * * LOW HITPOINT WARNING * * *
You hit the iguana but do no damage.
The iguana is almost dead.
You block the iguana's attack. The frilled lizard closely misses you.
You block the iguana's attack.
You closely miss the iguana.
The iguana is almost dead.
You closely miss the frilled lizard.
The frilled lizard bites you but does no damage.
You block the iguana's attack.
You barely miss the iguana.
The iguana is almost dead.
You miss the frilled lizard. The iguana bites you!
You die...

#. #.. #.
... #.
#.. #.
#.. ####.
#.. #....
#..
.....###
###.l##
##......
#...l@#
#.####^
#.....#
...# ...
#####.#
##.#...!
#.#
#.#....
#.#
##.^..._
####.#
##..# ...
#....#
#.).# ...
##....#
#.#.# ...
. #.....#
#.#)####^


You could see an iguana and a frilled lizard.

Vanquished Creatures
  Terence (D:2)
  4 adders
  2 dart slugs
  An orc (D:3)
  7 endoplasms
  2 giant cockroaches
  4 goblins
  2 hobgoblins
  7 jackals
  4 kobolds
  4 ball pythons
  4 bats
  3 frilled lizards
  5 rats
50 creatures vanquished.

Notes
Turn   | Place    | Note
-------+----------+-------------------------------------------
     0 | D:1      | leviel the Minotaur Fighter began the quest for the Orb.
     0 | D:1      | Reached XP level 1. HP: 19/19 MP: 0/0
   195 | D:1      | Reached XP level 2. HP: 24/27 MP: 1/1
   553 | D:1      | Found a faded altar of an unknown god.
   802 | D:2      | Reached XP level 3. HP: 33/33 MP: 2/2
   867 | D:2      | Noticed Terence
   884 | D:2      | Killed Terence
   887 | D:2      | Reached XP level 4. HP: 7/40 MP: 3/3
  1968 | D:3      | Found a broken altar of Ashenzari.
  2093 | D:3      | Slain by an iguana

Illustrated notes

Levels and vault maps discovered:
D:1:      nicolae_arrival_somewhat_less_tricky_arrival, layout_basic,
          shapermc_ecumenical_altar_mp_vishouse
D:2:      layout_basic, minmay_misc_feat_tiny, chequers_jeans, corner_web_ring,
          columned_hall_lemuel, uniq_terence
D:3:      cheibrodos_helix_gallery, layout_loops_ring, lemuel_tele_altar

Skill      XL: |  1  2  3  4 |
---------------+-------------+-----
Shields        | 4 |  4.5
Armour         | 4 |  4.4
Axes           | 3 4 |  4.2
Fighting       | 4 |  4.0
Dodging        | |  0.8

Action                   |  1- 3 |  4- 6 || total
-------------------------+-------+-------++-------
Melee: War axe           |    69 |    58 ||   127
       Headbutt          |     7 |     8 ||    15
Armor: Scale mail        |    51 |    21 ||    72
Dodge: Dodged            |    46 |    18 ||    64
Block: Kite shield       |    46 |    32 ||    78

Table legend: (Time is in decaauts)
 A = Elapsed time spent in this place.
 B = Non-inter-level travel time spent in this place.
 C = Inter-level travel time spent in this place.
 D = Time resting spent in this place.
 E = Time spent auto-exploring this place.
 F = Levels seen in this place.
 G = Mean time per level.
                   A        B        C        D        E       F      G
               +--------+--------+--------+--------+--------+-----+--------+
         Total |   2162 |   2117 |     45 |    349 |   1441 |   3 |  720.7 |
       Dungeon |   2162 |   2117 |     45 |    349 |   1441 |   3 |  720.7 |
               +--------+--------+--------+--------+--------+-----+--------+

Top non-repeatable levels by time:
     D:2: 1143 daAuts
     D:1: 772 daAuts
     D:3: 246 daAuts
